 Dungeon Crawl Stone Soup version 0.18-a0-27-g1f73fa3 (webtiles) character file.

151 Ordine the Charmwright (level 5, -5/36 HPs)
             Began as a High Elf Skald on Nov 4, 2015.
             Slain by an orc
             ... wielding a +0 falchion
              (10 damage)
             ... on level 3 of the Dungeon.
             The game lasted 00:08:20 (2185 turns).

Ordine the Charmwright (High Elf Skald)             Turns: 2185, Time: 00:08:20

Health: -5/36      AC:  4    Str: 11    XL:     5   Next: 11%
Magic:  6/10       EV: 11    Int: 17    God:
Gold:   103        SH:  0    Dex: 14    Spells: 4 memorised, 2 levels left

rFire  . . .     SeeInvis .     a - +0 falchion
rCold  . . .     Clarity  .     b - +1 leather armour
rNeg   . . .     SustAt   .     (no shield)
rPois  .         Gourm    .     (no helmet)
rElec  .         Spirit   .     (no cloak)
rCorr  .         Warding  .     (no gloves)
rMut   .         Stasis   .     (no boots)
MR     .....                    (no amulet)
Stlth  +.........               (no ring)
                                (no ring)

@: infused, not resistant to hostile enchantments, very unstealthy
A: no striking features
a: no special abilities


You were on level 3 of the Dungeon.
You were not hungry.

You visited 1 branch of the dungeon, and saw 3 of its levels.

You collected 103 gold pieces.

Inventory:

Hand Weapons
 a - a +0 falchion (weapon)
 o - a +0 great sword
Armour
 b - a +1 leather armour (worn)
 g - a +0 buckler
Scrolls
 m - 2 scrolls of remove curse
Potions
 e - 2 potions of beneficial mutation {unknown}
 i - a potion of cure mutation {unknown}
 l - a potion of curing {unknown}
Books
 c - a book of Battle

   Spells                             Type                      Level
   a - Infusion                       Charms                       1
   b - Shroud of Golubria             Charms/Translocation         2
   c - Song of Slaying                Charms                       2
   d - Spectral Weapon                Hexes/Charms                 3
   e - Regeneration                   Charms/Necromancy            3
Comestibles
 d - 3 bread rations
 f - a meat ration
 j - a slice of pizza
 k - 4 beef jerkies
 n - 2 chunks of flesh


   Skills:
 - Level 3.0 Fighting
 * Level 4.6 Long Blades
 - Level 0.8 Armour
 - Level 1.1 Dodging
 - Level 3.0 Spellcasting
 + Level 4.6 Charms


You had 2 spell levels left.
You knew the following spells:

 Your Spells              Type           Power        Failure   Level  Hunger
a - Infusion              Chrm           ###...       4%          1    None
b - Song of Slaying       Chrm           ###.....     8%          2    ##.....
c - Shroud of Golubria    Chrm/Tloc      ##........   14%         2    ##.....
d - Regeneration          Chrm/Necr      ##........   28%         3    ###....


Dungeon Overview and Level Annotations

Branches:
Dungeon (3/15)

Altars:


Message History

You barely miss the orc priest.
The orc priest shouts!
The orc closely misses you. The orc priest barely misses you.
You hit the orc priest.
The orc priest is lightly wounded.
The orc priest hits you with a flail. The orc hits you but does no damage.
You slash the orc priest!
The orc priest is heavily wounded.
The orc hits you with a falchion. The orc priest hits you with a flail.
Casting: Song of Slaying
Confirm with . or Enter, or press ? or * to list all spells.
You begin infusing your attacks with magical energy.
The orc barely misses you. The orc priest hits you with a flail!
* * * LOW HITPOINT WARNING * * *
Drink which item? (? for menu, Esc to quit)
Okay, then.
You hit the orc priest.
The orc priest is severely wounded.
The orc hits you with a falchion!
You die...

.# ##..###.## #.#.#
.#######.## #.##....#
..........##
#.......#
.#######...###(##...#
.# #............# #
#..##.....#..#
#....#..()#..#
#.....#))#...#
#.....###@...# #....#
#.oo..# #...#.
#.....# ##.# .#....#
#. ...##.## . .... .#
.## # ## .#


You could see an orc priest and an orc.

Vanquished Creatures
  A crimson imp (D:3)
  An orc priest (D:3)
  Terence (D:2)
  A worker ant zombie (D:3)
  An adder (D:3)
  A worm (D:2)
  An orc (D:3)
  4 goblins
  7 hobgoblins
  9 bats
  A giant cockroach (D:2)
  3 giant newts (D:2)
  9 kobolds
  8 rats
48 creatures vanquished.

Notes
Turn   | Place    | Note
--------------------------------------------------------------
     0 | D:1      | Ordine the High Elf Skald began the quest for the Orb.
     0 | D:1      | Reached XP level 1. HP: 14/14 MP: 4/4
   240 | D:1      | Reached XP level 2. HP: 17/19 MP: 7/7
   244 | D:1      | Learned a level 2 spell: Song of Slaying
   247 | D:1      | Learned a level 2 spell: Shroud of Golubria
   784 | D:2      | Noticed Terence
   818 | D:2      | Killed Terence
   818 | D:2      | Reached XP level 3. HP: 12/25 MP: 3/8
   984 | D:2      | Learned a level 3 spell: Regeneration
  1428 | D:2      | Reached skill level 4 in Charms
  1730 | D:3      | Reached XP level 4. HP: 30/30 MP: 3/9
  2121 | D:3      | Reached XP level 5. HP: 25/36 MP: 1/10
  2185 | D:3      | Slain by an orc

Vault maps used:
D:1:      dpeg_arrival_pits
D:2:      uniq_terence
D:3:      gammafunk_temple_overflow_elements, first_bread, minmay_misc_feat_chi

Action                   |  1- 3 |  4- 6 || total
-------------------------+-------+-------++-------
Melee: Falchion          |   129 |    50 ||   179
 Cast: Infusion          |     9 |     5 ||    14
       Shroud of Golubri |     1 |       ||     1
       Song of Slaying   |       |     1 ||     1
  Use: Scroll            |     6 |       ||     6
       Potion            |     2 |     1 ||     3
 Stab: Sleeping          |     1 |       ||     1
  Eat: Chunk             |     3 |     1 ||     4
